 Dungeon Crawl Stone Soup version 0.26-a0-651-gb41185065b (webtiles) character file.

Game seed: 1941331047664041684

1500 kae the Grappler (level 8, -10/59 HPs)
             Began as a Grey Draconian Transmuter on Oct 12, 2020.
             Was an Initiate of Wu Jian.
             Mangled by an ogre
             ... wielding a +0 giant club
              (16 damage)
             ... on level 6 of the Dungeon on Oct 13, 2020.
             The game lasted 00:04:42 (7404 turns).

kae the Grappler (Grey Draconian Transmuter)        Turns: 7404, Time: 00:04:43

Health: -10/59     AC: 11    Str: 15    XL:     8   Next: 52%
Magic:  11/11      EV: 12    Int: 13    God:    Wu Jian [......]
Gold:   371        SH:  0    Dex: 12    Spells: 5/11 levels left

rFire    . . .     SeeInvis .   a - +0 hand axe
rCold    . . .     Faith    .   (no shield)
rNeg     . . .     Spirit   .   (armour unavailable)
rPois    .         Reflect  .   (helmet restricted)
rElec    .         Harm     .   (no cloak)
rCorr    .         Rampage  .   (no gloves)
MR       .....                  (no boots)
Stlth    +.........             (no amulet)
HPRegen  0.19/turn              (no ring)
MPRegen  0.12/turn              (no ring)

@: no status effects
A: walk through water, unfitting armour, unbreathing, cold-blooded, AC +11
a: Renounce Religion


You were on level 6 of the Dungeon.
You worshipped Wu Jian.
Wu Jian was noncommittal.
You visited 2 branches of the dungeon, and saw 8 of its levels.

You collected 371 gold pieces.

Inventory:

Hand Weapons
 a - a +0 hand axe (weapon)
Jewellery
 l - an uncursed ring of see invisible {unknown}
Wands
 q - a wand of random effects (21)
Scrolls
 b - 4 scrolls of remove curse
 c - 4 scrolls of teleportation
 d - 2 scrolls of enchant weapon {unknown}
 f - a scroll of enchant armour
 o - a scroll of magic mapping {unknown}
 p - 8 scrolls of identify
Potions
 e - 3 potions of berserk rage
 g - 4 potions of curing
 h - 2 potions of haste {unknown}
 i - a potion of might {unknown}
 j - a potion of brilliance {unknown}
 k - 3 potions of flight {unknown}
 m - a potion of resistance {unknown}
 n - 3 potions of heal wounds


   Skills:
 - Level 1.1 Fighting
 - Level 1.7 Dodging
 * Level 9.3 Unarmed Combat
 - Level 2.0 Spellcasting
 + Level 6.4 Transmutations


You had 5 spell levels left.
You knew the following spells:

 Your Spells              Type           Power        Failure   Level
a - Beastly Appendage     Tmut           ###...       1%          1
b - Wereblood             Tmut           ###.....     2%          2
c - Spider Form           Tmut/Pois      #.........   21%         3

Your spell library contained the following spells:

 Spells                   Type           Power        Failure   Level
 Blade Hands              Tmut           ###.......   45%         5
 Ice Form                 Ice/Tmut       #.......     56%         4


Dungeon Overview and Level Annotations

Branches:
Dungeon (7/15)             Temple (1/1) D:5

Altars:
Ashenzari
Cheibriados
Dithmenos
Elyvilon
Fedhas
Gozag
Hepliaklqana
Kikubaaqudgha
Makhleb
Nemelex Xobeh
Okawaru
Qazlal
Ru
Sif Muna
Trog
Uskayaw
Vehumet
Wu Jian
Xom
Yredelemnul
Zin
The Shining One


Innate Abilities, Weirdness & Mutations

You can walk through water.
Your dull iron-grey scales are very hard. (AC +11)
You cannot fit into any form of body armour.
You can survive without breathing.
You are cold-blooded and may be slowed by cold attacks.


Message History

The phantom closely misses you.
You hit the ogre. You tail-slap the ogre.
The ogre is heavily wounded.
You closely miss the phantom. The ogre hits you with a +0 giant club!
The phantom blinks!
You are too injured to fight recklessly!
You hit the ogre.
The ogre is severely wounded.
The ogre hits you with a +0 giant club.
You hit the ogre.
The ogre is severely wounded.
The ogre misses you.
The phantom blinks!
You closely miss the ogre. You tail-slap the ogre.
The ogre is almost dead.
The ogre hits you with a +0 giant club!!
* * * LOW HITPOINT WARNING * * *
You hit the ogre.
The ogre is almost dead.
The phantom blinks!
The ogre hits you with a +0 giant club!
You die...

##.###.## #.......
#......####
#..§.§[...(
..[#.....#.
##..........
#.##.....# .#.
#...O@.).##<...
#####.#.>......
#....######
###.#...# #.#.#.#
#####.# # #
#.....# #######
#.###.....##.....#
#.# #...####.....#


You could see an ogre.

Vanquished Creatures
  Pikel (D:4)
  An orc warrior (D:5)
  2 ogres (D:6)
  A lemure (D:3)
  A bullfrog (D:6)
  3 scorpions
  A wight (D:7)
  A howler monkey (D:4)
  A jelly (D:6)
  A bullfrog zombie (D:5)
  An orc priest (D:3)
  A bullfrog skeleton (D:7)
  2 orc wizards (D:3)
  An iguana (D:6)
  4 worker ants
  A killer bee zombie (D:6)
  6 adders
  3 gnolls (D:2)
  An ufetubus (D:7)
  2 oozes
  2 worms (D:2)
  2 dart slugs (D:2)
  3 leopard geckos
  7 orcs
  2 giant cockroaches (D:2)
  8 goblins
  3 hobgoblins
  2 jackals (D:7)
  10 kobolds
  5 quokkas
  A ball python (D:1)
  9 bats
  6 frilled lizards
  6 rats
101 creatures vanquished.

Vanquished Creatures (others)
  5 plants (D:5)
5 creatures vanquished.

Grand Total: 106 creatures vanquished

Notes
Turn   | Place    | Note
-------+----------+-------------------------------------------
     0 | D:1      | kae the Draconian Transmuter began the quest for the Orb.
     0 | D:1      | Reached XP level 1. HP: 16/16 MP: 3/3
    96 | D:1      | Reached XP level 2. HP: 21/23 MP: 5/5
   997 | D:2      | Reached XP level 3. HP: 20/28 MP: 6/6
  1372 | D:2      | Reached skill level 4 in Unarmed Combat
  1563 | D:2      | Learned a level 2 spell: Wereblood
  1567 | D:2      | Learned a level 3 spell: Spider Form
  1590 | D:2      | Reached XP level 4. HP: 35/35 MP: 7/7
  1723 | D:2      | Found a hide-covered altar of Uskayaw.
  2356 | D:3      | Reached skill level 5 in Unarmed Combat
  2356 | D:3      | Reached XP level 5. HP: 40/40 MP: 8/8
  2450 | D:3      | Found an opulent altar of Gozag.
  3085 | D:3      | Found a blossoming altar of Fedhas.
  3133 | D:3      | You fall into a shaft and drop 1 floor!
  3163 | D:4      | Noticed Pikel
  3163 | D:4      | Noticed a lemure
  3163 | D:4      | Noticed a lemure
  3164 | D:4      | Noticed a lemure
  3164 | D:4      | Noticed a lemure
  3177 | D:3      | Killed a lemure
  3995 | D:4      | Reached XP level 6. HP: 8/47 MP: 6/9
  4354 | D:4      | Reached skill level 6 in Unarmed Combat
  4796 | D:4      | Found a broken altar of Ashenzari.
  4898 | D:4      | Killed Pikel
  4898 | D:4      | Reached skill level 7 in Unarmed Combat
  4898 | D:4      | Reached skill level 5 in Transmutations
  4898 | D:4      | Your scales start taking on a dull iron-grey colour.
  4898 | D:4      | Reached XP level 7. HP: 24/52 MP: 4/10
  4898 | D:4      | Gained mutation: You can survive without breathing. [Grey
                  | Draconian growth]
  5526 | D:5      | Entered Level 5 of the Dungeon
  5565 | D:5      | Reached skill level 8 in Unarmed Combat
  5828 | D:5      | Reached XP level 8. HP: 38/59 MP: 5/11
  6011 | D:5      | Found an ancient bone altar of Kikubaaqudgha.
  6030 | D:5      | Found a staircase to the Ecumenical Temple.
  6058 | Temple   | Entered the Ecumenical Temple
  6287 | Temple   | Became a worshipper of the Wu Jian Council
  6767 | D:5      | You fall into a shaft and drop 2 floors!
  7227 | D:6      | Reached skill level 9 in Unarmed Combat
  7404 | D:6      | Mangled by an ogre

Illustrated notes

Levels and vault maps discovered:
D:1:      erik_arrival_triangle_medium, layout_basic
D:2:      layout_basic, eat_drink_and_be_merry_uskayaw
D:3:      layout_loops_ring, overflow_temple_1_default,
          nicolae_gozag_cash_rules_everything_around_me
D:4:      layout_cave_pods, evilmike_ruin_ashenzari, uniq_pikel
D:5:      layout_loops_corners, marbit_many_paths, minmay_temple_entry_overgrown
D:6:      layout_basic, nicolae_ru_the_path_less_chosen
D:7:      layout_rooms
Temple:   eino_narrow_crystal_temple

Skill      XL: |  1  2  3  4  5  6  7  8 |
---------------+-------------------------+-----
Unarmed Combat | 4 5 7 8 9 |  9.3
Transmutations | 3 5 6 |  6.4
Fighting       | |  1.1
Dodging        | |  1.7
Spellcasting   | |  2.0

Action                   |  1- 3 |  4- 6 |  7- 9 || total
-------------------------+-------+-------+-------++-------
Melee: Unarmed           |    42 |    26 |    55 ||   123
       Kick              |    17 |    19 |     6 ||    42
       Tailslap          |     9 |    14 |     6 ||    29
       Headbutt          |     6 |    17 |     2 ||    25
       Hand axe          |    78 |   134 |    33 ||   245
       Punch             |     1 |     4 |     2 ||     7
 Cast: Beastly Appendage |    17 |    26 |     6 ||    49
       Spider Form       |       |     3 |    10 ||    13
       Wereblood         |       |     1 |       ||     1
Invok: Lunge             |       |       |     3 ||     3
  Use: Scroll            |     4 |     3 |       ||     7
       Potion            |       |     2 |       ||     2
 Stab: Sleeping          |     1 |     3 |     1 ||     5
Armor: Skin              |    39 |    46 |    12 ||    97
Dodge: Dodged            |   104 |   115 |    70 ||   289

Table legend: (Time is in decaauts)
 A = Elapsed time spent in this place.
 B = Non-inter-level travel time spent in this place.
 C = Inter-level travel time spent in this place.
 D = Time resting spent in this place.
 E = Time spent auto-exploring this place.
 F = Levels seen in this place.
 G = Mean time per level.
                   A        B        C        D        E       F      G
               +--------+--------+--------+--------+--------+-----+--------+
         Total |   7467 |   7308 |    159 |   1422 |   4946 |   8 |  933.4 |
       Dungeon |   7223 |   7107 |    116 |   1422 |   4745 |   7 | 1031.9 |
        Temple |    244 |    202 |     42 |      0 |    201 |   1 |  244.0 |
               +--------+--------+--------+--------+--------+-----+--------+

Top non-repeatable levels by time:
     D:3: 1847 daAuts
     D:2: 1384 daAuts
     D:4: 1361 daAuts
     D:1: 996 daAuts
     D:5: 991 daAuts
     D:6: 335 daAuts
     D:7: 306 daAuts
  Temple: 244 daAuts
